 Dungeon Crawl Stone Soup version 0.17.1-2-g5865329 (webtiles) character file.

189 seren the Firebug (level 5, -6/28 HPs)
             Began as a Deep Elf Fire Elementalist on Feb 10, 2016.
             Shot with an arrow by a centaur (8 damage)
             ... on level 5 of the Dungeon.
             The game lasted 00:33:45 (5124 turns).

seren the Firebug (Deep Elf Fire Elementalist)      Turns: 5124, Time: 00:33:45

Health: -6/28      AC: 13    Str:  6    XL:     5   Next: 40%
Magic:  10/11      EV: 13    Int: 20    God:
Gold:   144        SH:  0    Dex: 15    Spells: 2 memorised, 6 levels left

rFire  . . .     SeeInvis .     m - +0 whip
rCold  . . .     Clarity  .     a - +0 robe
rNeg   . . .     SustAt   .     (no shield)
rPois  .         Gourm    .     w - +2 hat
rElec  .         Spirit   .     y - +0 cloak
rCorr  .         Warding  .     (no gloves)
rMut   .         Stasis   .     (no boots)
MR     .....                    (no amulet)
Stlth  ++........               s - +5 ring of protection
                                f - +3 ring of protection

@: not resistant to hostile enchantments, unstealthy
A: no striking features
a: no special abilities


You were on level 5 of the Dungeon.
You were very hungry.

You visited 1 branch of the dungeon, and saw 5 of its levels.

You collected 144 gold pieces.

Inventory:

Hand Weapons
 i - a +0 club
 m - a +0 whip (weapon)
 p - a cursed -1 quarterstaff
 v - a +2 mace of holy wrath
Armour
 a - a +0 robe (worn)
 w - a +2 hat (worn)
 y - a +0 cloak (worn)
Jewellery
 f - a +3 ring of protection (left hand)
 l - an uncursed ring of stealth
 r - an uncursed amulet of regeneration {unknown}
 s - a +5 ring of protection (right hand)
 u - a +3 ring of dexterity {unknown}
 x - an uncursed ring of fire {unknown}
Scrolls
 d - 2 scrolls of enchant armour {unknown}
 e - a scroll of identify {unknown}
 q - a scroll of noise {unknown}
Potions
 g - 2 potions of heal wounds {unknown}
 j - a potion of curing {unknown}
 o - 3 potions of haste {unknown}
 t - a potion of might {unknown}
 z - a potion of agility {unknown}
 A - a potion of degeneration {unknown}
Books
 b - a book of Flames

   Spells                             Type                      Level
   a - Flame Tongue                   Conjuration/Fire             1
   b - Throw Flame                    Conjuration/Fire             2
   c - Conjure Flame                  Conjuration/Fire             3
   d - Inner Flame                    Hexes/Fire                   3
   e - Sticky Flame                   Conjuration/Fire             4
   f - Fireball                       Conjuration/Fire             5
Comestibles
 c - 4 bread rations
 h - a slice of pizza
 k - a beef jerky
 n - 2 fruits


   Skills:
 - Level 2.4 Dodging
 - Level 2.4 Stealth
 - Level 3.0 Spellcasting
 + Level 4.3 Conjurations
 + Level 5.2 Fire Magic


You had 6 spell levels left.
You knew the following spells:

 Your Spells              Type           Power        Failure   Level  Hunger
a - Flame Tongue          Conj/Fire      ###..        1%          1    None
c - Conjure Flame         Conj/Fire      ###.....     8%          3    ###....


Dungeon Overview and Level Annotations

Branches:
Dungeon (5/15)
 Temple: D:4-7

Altars:
Ashenzari
Cheibriados
Fedhas
Gozag
Ru
Trog
Zin

Annotations:
D:2 exclusion: downstairs, Ijyb
D:3 exclusion: downstairs


Message History

The fire roars!
You are feeling very hungry.
The centaur shoots an arrow.
The arrow hits you but does no damage.
The centaur shoots an arrow.
The arrow barely misses you.
The centaur shoots an arrow.
The arrow misses you.
You see here 2 arrows.
The centaur shoots an arrow.
The arrow hits you.
You see here an arrow.
The centaur shoots an arrow.
The arrow hits you!
You see here an arrow.
The centaur shoots an arrow.
The arrow completely misses you.
You see here an arrow.
The centaur shoots an arrow.
The arrow closely misses you.
You see here an arrow.
The centaur shoots an arrow.
The arrow hits you!
* * * LOW HITPOINT WARNING * * *
The centaur shoots an arrow.
The arrow closely misses you.
You see here an arrow.
The centaur shoots an arrow.
The arrow hits you!
You die...

#.#####.# ####.#
#.#### #....#
#..... ####.##.#
#.####
#.......#####.....
#.##.##........##.
#.##.######.##.##.
#.##.# #.##....
#@##.#### #.##....
##.##....###.##.##.
#...............##.
#(#####..###.#####.
#............. #%
#..####..#... #.
#..# ..... #. #c.#
..... .. #..# ...


You could see a centaur.

Vanquished Creatures
  A jelly (D:5)
  Natasha (D:4)
  3 adders
  3 worms
  4 giant geckos
  6 orcs (D:3)
  10 goblins
  7 hobgoblins (D:1)
  6 jackals
  16 kobolds
  A quokka (D:2)
  11 bats
  10 giant cockroaches
  4 giant newts
  6 rats
89 creatures vanquished.

Notes
Turn   | Place    | Note
--------------------------------------------------------------
     0 | D:1      | seren the Deep Elf Fire Elementalist began the quest for the Orb.
     0 | D:1      | Reached XP level 1. HP: 10/10 MP: 6/6
   544 | D:1      | Reached XP level 2. HP: 12/15 MP: 5/8
  1372 | D:1      | Reached XP level 3. HP: 19/19 MP: 7/9
  1425 | D:1      | Reached skill level 4 in Fire Magic
  2047 | D:2      | Noticed Ijyb
  2188 | D:2      | Found a bloodstained altar of Trog.
  2612 | D:3      | Reached XP level 4. HP: 24/24 MP: 8/10
  2772 | D:3      | Found a blossoming altar of Fedhas.
  2903 | D:3      | Learned a level 3 spell: Conjure Flame
  3516 | D:3      | Found a shattered altar of Ashenzari.
  3544 | D:3      | Found an opulent altar of Gozag.
  4014 | D:4      | Noticed an orc warrior
  4112 | D:5      | Entered Level 5 of the Dungeon
  4144 | D:4      | Found an opulent altar of Gozag.
  4185 | D:4      | Noticed an ogre
  4198 | D:4      | Noticed Natasha
  4441 | D:5      | Noticed a phantom
  4509 | D:5      | Reached skill level 5 in Fire Magic
  4509 | D:5      | Reached XP level 5. HP: 28/28 MP: 7/11
  4639 | D:5      | Noticed a centaur
  4742 | D:4      | Killed Natasha
  5042 | D:4      | Found a snail-covered altar of Cheibriados.
  5042 | D:4      | Found a glowing silver altar of Zin.
  5045 | D:4      | Found a sacrificial altar of Ru.
  5082 | D:5      | Noticed an ogre
  5119 | D:5      | HP: 1/28 [centaur/arrow (10)]
  5124 | D:5      | Shot with an arrow by a centaur

Action                   |  1- 3 |  4- 6 || total
-------------------------+-------+-------++-------
 Cast: Flame Tongue      |    86 |    94 ||   180
       Conjure Flame     |       |     3 ||     3
  Eat: Chunk             |     5 |     5 ||    10
       Fruit             |       |     2 ||     2
